 Dungeon Crawl Stone Soup version 0.29-a0-973-gac7da5f7f0 (webtiles) character file.

Game seed: 17223110469676676219

3203 porpoise the Cleaver (level 10, -9/79 HPs)
             Began as a Formicid Brigand on Aug 1, 2022.
             Was a Follower of Qazlal.
             Mangled by an orc warrior
             ... wielding a +0 glaive
              (23 damage)
             ... in a bailey.
             The game lasted 00:24:40 (5929 turns).

porpoise the Cleaver (Formicid Brigand)             Turns: 5929, Time: 00:24:40

Health: -9/79      AC: 13    Str: 18    XL:     10   Next: 17%
Magic:  14/14      EV:  8    Int: 11    God:    Qazlal [*.....]
Gold:   449        SH:  9    Dex: 15    Spells: 9/9 levels left

rFire   . . .      SeeInvis +   a - +1 war axe
rCold   + . .      Faith    .   j - +0 kite shield
rNeg    . . .      Spirit   .   w - +3 scale mail {rPois}
rPois   +          Reflect  .   (helmet unavailable)
rElec   .          Harm     .   c - +0 cloak
rCorr   .          Rampage  .   (no gloves)
Will    +....                   b - +0 pair of boots
Stlth   +.........              i - amulet of regeneration
HPRegen 1.03/turn               q - ring of protection from cold
MPRegen 0.14/turn               (no ring)

@: no status effects
A: permanent stasis, dig shafts and tunnels, antennae 3, four strong arms,
shaggy fur 1, weak 1
a: Dig, Renounce Religion


You were in a bailey.
You worshipped Qazlal.
Qazlal was aware of your devotion.
You visited 2 branches of the dungeon, and saw 8 of its levels.
You also visited: Bailey.

You collected 449 gold pieces.

Inventory:

Hand Weapons
 a - a +1 war axe (weapon)
 s - a +2 dagger
 A - a +2 short sword of freezing
 C - a +2 trident of flaming
 E - a +3 falchion
Missiles
 d - 12 poisoned darts (quivered)
 e - 4 curare-tipped darts
 y - a boomerang
Armour
 b - a +0 pair of boots (worn)
 c - a +0 cloak (worn)
 j - a +0 kite shield (worn)
 t - the +3 scale mail of Pougaaj {Regen+}
   (You found it on level 4 of the Dungeon)

   Regen:     It increases your rate of health regeneration.
 w - a +3 scale mail of poison resistance (worn)
Jewellery
 i - an amulet of regeneration (around neck)
 q - a ring of protection from cold (left hand)
Wands
 v - a wand of polymorph (14)
Scrolls
 k - a scroll of fear
 l - 2 scrolls of fog
 n - a scroll of vulnerability
 p - a scroll of identify
 u - 5 scrolls of magic mapping
Potions
 f - a potion of brilliance
 m - 2 potions of resistance
 o - 2 potions of attraction
 r - a potion of curing


   Skills:
 - Level 7.4 Fighting
 - Level 2.0 Short Blades
 * Level 9.2 Axes
 - Level 2.0 Throwing
 - Level 5.4 Armour
 - Level 0.8 Dodging
 - Level 4.8 Stealth
 + Level 6.6 Invocations


You had 9 spell levels left.
You didn't know any spells.
Your spell library contained the following spells:

 Spells                   Type           Power      Damage    Failure   Level
 Sting                    Tmut/Pois      0%         1d3       95%         1
 Ensorcelled Hibernation  Hex/Ice        0%         N/A       99%         2
 Poisonous Vapours        Pois/Air       0%         N/A       99%         2
 Frozen Ramparts          Ice            0%         1d2       100%        3
 Spider Form              Tmut/Pois      0%         N/A       100%        3
 Anguish                  Hex/Necr       0%         N/A       100%        4
 Ice Form                 Ice/Tmut       0%         N/A       100%        4
 Olgreb's Toxic Radiance  Pois           0%         N/A       100%        4
 Passage of Golubria      Tloc           0%         N/A       100%        4
 Summon Ice Beast         Ice/Summ       0%         N/A       100%        4
 Silence                  Hex/Air        0%         N/A       100%        5
 Lehudib's Crystal Spear  Conj/Erth      0%         10d2      100%        8


Dungeon Overview and Level Annotations

Branches:
Dungeon (7/15)             Temple (1/1) D:4          Bailey (1/1)

Altars:
Ashenzari
Cheibriados
Dithmenos
Fedhas
Gozag
Hepliaklqana
Makhleb
Okawaru
Qazlal
Ru
Sif Muna
Trog
Uskayaw
Vehumet
Wu Jian
Xom
Yredelemnul
Zin

Annotations:
D:3 1 runed translucent door


Innate Abilities, Weirdness & Mutations

You cannot be hasted, slowed, berserked, paralysed or teleported.
You can dig through walls and to a lower floor.
You have a pair of large antennae on your head. (SInv)
Your four strong arms can wield two-handed weapons with a shield.
You are covered in fur. (AC +1)
You are weak. (Str -2)


Message History

You closely miss the orc. The orc hits you but does no damage.
You block the orc warrior's attack.
Unknown command.
You barely miss the orc warrior.
The orc warrior is moderately wounded.
You slash the orc!
You kill the orc!
Qazlal accepts your kill. You block the orc warrior's attack.
You hit the orc warrior.
The orc warrior is moderately wounded.
You block the orc warrior's attack.
You slash the orc warrior!
The orc warrior is severely wounded.
The orc warrior barely misses you.
You hit the orc warrior.
The orc warrior is severely wounded.
You block the orc warrior's attack.
The orc warrior hits you with a +0 glaive!
You barely miss the orc warrior.
The orc warrior is severely wounded.
You block the orc warrior's attack.
You hit the orc warrior but do no damage.
The orc warrior is severely wounded.
The orc warrior closely misses you.
You barely miss the orc warrior.
The orc warrior is severely wounded.
The orc warrior hits you with a +0 glaive.
You hit the orc warrior but do no damage.
The orc warrior is severely wounded.
The orc warrior hits you with a +0 glaive.
You barely miss the orc warrior.
The orc warrior is severely wounded.
You block the orc warrior's attack.
The orc warrior hits you with a +0 glaive!
* * * LOW HITPOINT WARNING * * *
You closely miss the orc warrior.
The orc warrior is severely wounded.
The orc warrior hits you with a +0 glaive!!
You die...

### ############ o...
##........∩.## ....
######.....#..)...#
..##..#)@o.#....###.....#
...8..'○(☼.'.....8...).∩#
..##..#.)..#....###.....#
.... ######.....#.)))).#
.... ##...))...∩.## ###
############


You could see an orc warrior.

Vanquished Creatures
  Pikel (D:7)
  3 vampire mosquitoes
  A water moccasin (D:6)
  An ogre (D:6)
  An orc warrior (D:7)
  3 black bears
  A centaur (D:7)
  3 bullfrogs
  A kobold brigand (D:7)
  6 scorpions
  3 killer bees (D:7)
  7 orc priests
  A hound (D:7)
  2 jellies (D:4)
  A gnoll bouda (D:6)
  3 iguanas
  Terence (D:3)
  4 orc wizards
  3 gnolls (D:6)
  3 adders
  A shadow imp (D:5)
  3 white imps
  An ufetubus (D:4)
  2 worms (D:2)
  2 dart slugs
  41 orcs
  5 bats
  6 endoplasms
  A giant cockroach (D:3)
  5 goblins
  11 hobgoblins
  3 jackals (D:3)
  7 quokkas
  8 ball pythons
  2 frilled lizards
  A goblin skeleton (D:3)
  2 goblin zombies (D:3)
  12 kobolds
  A kobold skeleton (D:3)
  7 rats
170 creatures vanquished.

Vanquished Creatures (collateral kills)
  2 orc warriors (Bailey)
  6 orcs (Bailey)
8 creatures vanquished.

Grand Total: 178 creatures vanquished

Notes
Turn   | Place    | Note
-------+----------+-------------------------------------------
     0 | D:1      | porpoise the Formicid Brigand began the quest for the Orb.
     0 | D:1      | Reached XP level 1. HP: 16/16 MP: 1/1
   177 | D:1      | Reached XP level 2. HP: 22/23 MP: 2/2
   733 | D:1      | Reached XP level 3. HP: 29/29 MP: 3/3
  1095 | D:2      | Found an iron altar of Okawaru.
  1126 | D:2      | Reached XP level 4. HP: 38/38 MP: 4/4
  1344 | D:2      | Found a faded altar of an unknown god.
  1989 | D:3      | Noticed Terence
  2037 | D:3      | Killed Terence
  2038 | D:3      | Reached skill level 5 in Fighting
  2038 | D:3      | Reached skill level 1 in Armour
  2038 | D:3      | Reached XP level 5. HP: 44/44 MP: 5/5
  2229 | D:3      | Found a runed translucent door.
  2229 | D:3      | Noticed a human
  2236 | D:3      | Found a basalt altar of Yredelemnul.
  2757 | D:4      | Found a staircase to the Ecumenical Temple.
  2774 | Temple   | Entered the Ecumenical Temple
  2943 | D:4      | Noticed a black bear
  2961 | D:4      | Killed a black bear
  2962 | D:4      | Reached XP level 6. HP: 52/52 MP: 6/6
  3164 | D:4      | Found a stormy altar of Qazlal.
  3270 | D:4      | Reached XP level 7. HP: 58/59 MP: 7/7
  3482 | D:4      | Identified the +3 scale mail of Pougaaj {Regen+}
  3708 | D:5      | Entered Level 5 of the Dungeon
  3724 | D:5      | Found a shadowy altar of Dithmenos.
  3897 | D:5      | Reached skill level 5 in Armour
  4055 | D:5      | Reached XP level 8. HP: 67/67 MP: 8/8
  4200 | D:6      | Reached skill level 1 in Axes
  4272 | D:6      | Reached skill level 2 in Axes
  4594 | D:6      | Reached skill level 3 in Axes
  4672 | D:6      | Reached skill level 4 in Axes
  4752 | D:6      | Found an opulent altar of Gozag.
  4759 | D:6      | Found a shimmering altar of Xom.
  4762 | D:6      | Found a broken altar of Ashenzari.
  4765 | D:6      | Found an ornate altar of the Wu Jian Council.
  4923 | D:4      | Became a worshipper of Qazlal Stormbringer
  5049 | D:6      | Reached skill level 1 in Invocations
  5309 | D:6      | Reached skill level 5 in Axes
  5383 | D:6      | Reached XP level 9. HP: 60/72 MP: 9/11
  5389 | D:6      | Reached skill level 6 in Axes
  5422 | D:7      | Found a bloodstained altar of Trog.
  5601 | D:7      | Reached skill level 7 in Axes
  5623 | D:7      | Noticed Pikel
  5643 | D:7      | Gained mutation: Your natural rate of healing is unusually
                  | fast. [potion of mutation]
  5643 | D:7      | Gained mutation: You are covered in fur. (AC +1) [potion of
                  | mutation]
  5643 | D:7      | Gained mutation: You have hidden genetic defects. [potion
                  | of mutation]
  5658 | D:7      | Killed Pikel
  5658 | D:7      | Reached * piety under Qazlal
  5659 | D:7      | Reached skill level 8 in Axes
  5659 | D:7      | Reached skill level 5 in Invocations
  5674 | D:7      | Lost mutation: Your natural rate of healing is unusually
                  | fast. [hidden defects]
  5719 | D:7      | Reached XP level 10. HP: 74/79 MP: 14/14
  5817 | D:7      | Found a flagged portal.
  5838 | Bailey   | Entered a bailey
  5858 | Bailey   | Reached skill level 9 in Axes
  5871 | Bailey   | Gained mutation: You are weak. (Str -2) [hidden defects]
  5871 | Bailey   | Lost mutation: You have hidden genetic defects. [hidden
                  | defects expressed]
  5929 | Bailey   | Mangled by an orc warrior

Illustrated notes

Levels and vault maps discovered:
D:1:      roderic_dead_forest, layout_basic
D:2:      layout_basic, ebering_ecumenical_altar_ruins, basic_altar,
          minmay_split_cup_small
D:3:      layout_loops_corners, dk_yredelemnul_ordeal,
          kennysheep_generic_room_13, uniq_terence
D:4:      layout_cave_pools, mainiacjoe_overflow_brackets,
          minmay_temple_entry_statues_pillars, st_stairs_7
D:5:      layout_gridville, grunt_dithmenos_smoke_and_mirrors
D:6:      layout_loops_ring, grunt_temple_overflow_cloverleaf
D:7:      layout_cave_pools, mainiacjoe_overflow_small_starburst,
          enter_bailey_4, uniq_pikel
Temple:   eino_temple_lava
Bailey:   bailey_polearm_5, bailey

Skill      XL: |  1  2  3  4  5  6  7  8  9 10 |
---------------+-------------------------------+-----
Fighting       | 3 4 5 6 7 |  7.4
Armour         | 1 3 5 |  5.4
Axes           | 5 8 9 |  9.2
Invocations    | 2 6 |  6.6
Short Blades   | |  2.0
Throwing       | |  2.0
Dodging        | |  0.8
Stealth        | |  4.8

Action                   |  1- 3 |  4- 6 |  7- 9 | 10-12 || total
-------------------------+-------+-------+-------+-------++-------
Melee: Dagger            |    76 |    97 |       |       ||   173
       Falchion          |       |    85 |    49 |       ||   134
       Punch             |       |     6 |       |       ||     6
       Unarmed           |       |     1 |       |       ||     1
       Short sword       |       |    37 |    87 |       ||   124
       War axe           |       |       |   152 |    56 ||   208
       Hand axe          |       |       |    13 |       ||    13
Throw: Dart              |     6 |     6 |     6 |     2 ||    20
Evoke: Wand              |       |       |    15 |       ||    15
  Use: Scroll            |       |    11 |     7 |     1 ||    19
       Potion            |       |       |     6 |       ||     6
 Stab: Sleeping          |     6 |     2 |     1 |       ||     9
Armor: Ring mail         |    33 |    27 |       |       ||    60
       Skin              |       |     4 |    15 |       ||    19
       Chain mail        |       |     1 |       |       ||     1
       Scale mail        |       |    70 |   177 |    51 ||   298
Dodge: Dodged            |    45 |    89 |   140 |    29 ||   303
Block: Kite shield       |       |    18 |   139 |    50 ||   207

Table legend: (Time is in decaauts)
 A = Elapsed time spent in this place.
 B = Non-inter-level travel time spent in this place.
 C = Inter-level travel time spent in this place.
 D = Time resting spent in this place.
 E = Time spent auto-exploring this place.
 F = Levels seen in this place.
 G = Mean time per level.
                   A        B        C        D        E       F      G
               +--------+--------+--------+--------+--------+-----+--------+
         Total |   6026 |   5686 |    340 |    728 |   3137 |   9 |  669.6 |
       Dungeon |   5850 |   5513 |    337 |    728 |   3069 |   7 |  835.7 |
        Temple |     80 |     77 |      3 |      0 |     68 |   1 |   80.0 |
        Bailey |     94 |     94 |      0 |      0 |      0 |   1 |   94.0 |
               +--------+--------+--------+--------+--------+-----+--------+

Top non-repeatable levels by time:
     D:6: 1207 daAuts
     D:3: 1016 daAuts
     D:1: 960 daAuts
     D:4: 933 daAuts
     D:2: 765 daAuts
     D:5: 564 daAuts
     D:7: 402 daAuts
  Bailey: 94 daAuts
  Temple: 80 daAuts
